AoeStats
← IIIIIIIIIII2155

Black Forest

504954026Analyzed
4v4 RM · 26d ago on Sep 7, 2026· 82m 23s· 8 players
Game mode
Random Map
Map size
Large (8 player)
Population
200
Speed
Normal
Resources
Standard
Victory
Conquest
Starting age
Dark Age
Ending age
Imperial Age
RankedLock teamsTeams togetherTeam positionsShared explorationLock speedFull tech treeHidden civsTurbo modeCheats
Victory
Defeat
🇭🇰 Spanish · Hong Kong SAR China
1013
+17
🇩🇪 Aztecs · Germany
1012
+16
🇨🇳 Franks · China
1012
+17
🇨🇳 Chinese · China
991
+17
🇨🇳 Bohemians · China
1037
-17
1035
-17
🇦🇷 Goths · Argentina
1022
-17
🇨🇳 Poles · China
1005
-16
IIIIIIIIIII2155
1:13 Loom
14:35 Feudal Age
18:35 Castle Age
17:13 Wheelbarrow
17:02 Double-Bit Axe
18:02 Stone Mining
18:35 Horse Collar
20:02 Bow Saw
20:31 Heavy Plow
25:31 Gold Mining
26:57 Gold Shaft Mining
31:14 Imperial Age
29:33 Hand Cart
29:10 Town Watch
31:35 Stone Shaft Mining
31:35 Forging
31:22 Fletching
31:32 Padded Archer Armor
33:28 Garland Wars
34:21 Ballistics
35:45 Elite Skirmisher
36:11 Man-at-Arms
36:36 Gambesons
36:52 Squires
37:13 Scale Mail Armor
37:25 Long Swordsman
37:51 Arson
38:05 Eagle Warrior
38:06 Two-Handed Swordsman
39:35 Iron Casting
38:56 Bodkin Arrow
40:19 Chemistry
38:59 Treadmill Crane
39:08 Pikeman
40:12 Scale Mail Armor
40:27 Leather Archer Armor
43:10 Blast Furnace
42:25 Chain Mail Armor
43:38 Champion
54:03 Caravan
72:09 Plate Mail Armor
71:40 Bracer
75:32 Crop Rotation
75:12 Elite Eagle Warrior
AJ老师
1:35 Loom
12:18 Feudal Age
18:30 Castle Age
17:23 Horse Collar
17:41 Double-Bit Axe
17:49 Gold Mining
17:49 Stone Mining
20:02 Town Watch
26:32 Wheelbarrow
31:22 Imperial Age
29:55 Hand Cart
30:33 Man-at-Arms
31:14 Squires
30:59 Arson
31:49 Bow Saw
31:48 Long Swordsman
33:07 Scale Mail Armor
33:17 Forging
33:11 Town Patrol
33:49 Conscription
33:05 Two-Handed Swordsman
33:56 Champion
35:54 Two-Man Saw
35:00 Heavy Plow
35:18 Caravan
36:50 Iron Casting
36:30 Chain Mail Armor
37:14 Gold Shaft Mining
38:39 Blast Furnace
39:35 Plate Mail Armor
39:04 Heavy Rocket Cart
41:29 Rocketry
44:28 Fortified Wall
46:15 Elite Fire Lancer
46:31 Pikeman
47:25 Great Wall
47:09 Elite Chu Ko Nu
48:15 Fletching
48:26 Padded Archer Armor
49:13 Halberdier
种田美眉
1:01 Loom
1:23 Loom
11:07 Feudal Age
16:02 Castle Age
14:23 Double-Bit Axe
16:25 Town Watch
17:58 Bow Saw
30:26 Imperial Age
28:27 Scale Barding Armor
28:32 Forging
28:14 Fletching
28:39 Gold Mining
30:49 Iron Casting
30:38 Chain Barding Armor
30:26 Fletching
31:16 Gold Shaft Mining
31:55 Plate Barding Armor
32:30 Blast Furnace
30:56 Cavalier
32:24 Conscription
32:10 Bodkin Arrow
32:21 Husbandry
43:57 Wheelbarrow
43:23 Town Patrol
43:57 Paladin
48:19 Paladin
56:37 Caravan
67:44 Chemistry
67:07 Ballistics
66:59 Heavy Cavalry Archer
73:00 Scale Mail Armor
73:02 Padded Archer Armor
73:12 Padded Archer Armor
菜鳥最嚴厲的父親
10:56 Feudal Age
15:17 Castle Age
13:45 Double-Bit Axe
13:41 Horse Collar
20:18 Wheelbarrow
21:43 Bow Saw
22:35 Heavy Plow
22:41 Loom
24:07 Gold Mining
24:08 Stone Mining
28:24 Imperial Age
25:52 Loom
25:52 Town Watch
26:53 Stone Shaft Mining
27:15 Hand Cart
27:02 Padded Archer Armor
27:20 Bloodlines
27:17 Husbandry
28:36 Leather Archer Armor
29:41 Guilds
29:03 Elite Conquistador
30:05 Conscription
29:08 Onager
31:12 Two-Man Saw
31:54 Chemistry
31:27 Ring Archer Armor
32:07 Coinage
33:03 Town Patrol
33:35 Banking
33:07 Caravan
45:36 Supremacy
45:52 Hoardings
45:37 Masonry
45:22 Murder Holes
45:48 Ballistics
45:22 Fletching
46:51 Bodkin Arrow
56:49 Fortified Wall
57:10 Architecture
57:54 Sappers
58:30 Bracer
68:11 Scale Barding Armor
68:16 Forging
71:04 Chain Barding Armor
71:20 Iron Casting
70:07 Light Cavalry
74:09 Plate Barding Armor
74:34 Blast Furnace
73:39 Hussar
Atopos
1:09 Loom
13:53 Feudal Age
18:25 Castle Age
16:42 Double-Bit Axe
18:57 Horse Collar
19:29 Bow Saw
25:41 Heavy Plow
27:59 Town Watch
28:53 Wheelbarrow
31:42 Imperial Age
30:16 Ballistics
30:58 Chemistry
31:59 Ballistics
31:55 Houfnice
34:02 Siege Engineers
37:02 Wagenburg Tactics
39:34 Conscription
40:19 Coinage
46:49 Banking
56:08 Masonry
55:54 Murder Holes
61:26 Pikeman
62:06 Squires
61:52 Arson
62:10 Scale Mail Armor
62:21 Forging
62:12 Halberdier
67:03 Elite Skirmisher
67:40 Fletching
67:51 Padded Archer Armor
68:07 Chain Mail Armor
68:28 Iron Casting
68:17 Bodkin Arrow
68:28 Caravan
72:21 Bracer
72:37 Leather Archer Armor
76:09 Guilds
78:37 Ring Archer Armor
78:39 Plate Mail Armor
79:09 Blast Furnace
you go die
1:22 Loom
12:49 Feudal Age
18:23 Castle Age
16:56 Double-Bit Axe
17:25 Gold Mining
17:57 Stone Mining
17:52 Horse Collar
26:11 Wheelbarrow
27:37 Hand Cart
33:07 Imperial Age
30:26 Town Watch
31:16 Ballistics
31:09 Forging
31:03 Scale Mail Armor
32:02 Coinage
31:36 Caravan
31:59 Squires
31:20 Man-at-Arms
33:31 Iron Casting
33:13 Chain Mail Armor
34:13 Perfusion
35:52 Chemistry
34:23 Pikeman
34:24 Long Swordsman
35:22 Anarchy
36:57 Elite Huskarl
44:28 Blast Furnace
43:18 Fletching
43:28 Padded Archer Armor
47:06 Halberdier
53:22 Two-Handed Swordsman
59:34 Heavy Plow
68:37 Banking
68:17 Guilds
70:34 Crop Rotation
75:50 Bodkin Arrow
76:10 Leather Archer Armor
高价回收北京御姐
0:29 Loom
11:32 Feudal Age
15:37 Castle Age
14:10 Double-Bit Axe
14:09 Horse Collar
18:16 Bow Saw
21:01 Heavy Plow
26:55 Wheelbarrow
26:18 Gold Mining
30:23 Imperial Age
28:27 Fortified Wall
29:11 Forging
29:02 Scale Mail Armor
30:31 Iron Casting
29:19 Pikeman
29:45 Arson
31:13 Chain Mail Armor
31:11 Masonry
30:38 Halberdier
32:55 Blast Furnace
31:18 Heavy Scorpion
31:19 Capped Ram
33:39 Gold Shaft Mining
33:02 Stone Mining
34:56 Stone Shaft Mining
35:26 Conscription
36:07 Crop Rotation
37:53 Double Crossbow
40:48 Architecture
41:17 Ballistics
41:00 Devotion
41:01 Murder Holes
薛之谦
11:33 Feudal Age
16:19 Castle Age
14:20 Horse Collar
15:05 Double-Bit Axe
19:08 Wheelbarrow
23:11 Bow Saw
23:04 Heavy Plow
24:53 Hand Cart
25:22 Loom
25:22 Town Watch
28:00 Gold Mining
28:36 Szlachta Privileges
31:06 Imperial Age
28:55 Forging
28:50 Scale Barding Armor
29:05 Stone Mining
29:18 Town Patrol
30:12 Iron Casting
31:15 Bloodlines
31:05 Husbandry
30:53 Treadmill Crane
31:04 Light Cavalry
31:07 Cavalier
33:31 Blast Furnace
32:51 Chain Barding Armor
32:34 Devotion
32:36 Winged Hussar
34:59 Conscription
35:00 Lechitic Legacy
35:24 Crop Rotation
36:49 Fletching
36:59 Padded Archer Armor
39:09 Faith
40:34 Ballistics
40:10 Murder Holes
40:06 Crossbowman
40:51 Thumb Ring
41:02 Arbalester
43:03 Bodkin Arrow
43:23 Leather Archer Armor
46:36 Hoardings
46:59 Fortified Wall
47:01 Masonry
49:29 Bracer
50:18 Arrowslits
69:24 Capped Ram
70:43 Siege Ram
72:54 Caravan
73:24 Coinage
76:30 Banking
81:16 Elite Obuch
Connection lost

Rejoining the realm…

Still unreachable

The connection could not be restored.

Session expired

The server has moved on; the page needs a fresh start.